Map: Coda EC

Players

kokushu

  • Race: Zerg Zerg
  • League: Grandmaster

AgCl - Winner!

  • Race: Protoss Protoss
  • League: Grandmaster

VOD

Have the link to the VOD?

Description

Time

  • Played on: June 8, 2015, 6:26 p.m.
  • Length: 7:49
Show
View Real Time Build Order
Export as new Build Order

kokushu Zerg 

Build Orders: Pool First 

Get SALT Encoding   

  12  0:01  Drone  
  13  0:12  Overlord  
  13  0:17  Drone  
  14  0:36  Spawning Pool  
  14  0:38  Drone  
  14  0:42  Extractor  
  13  0:44  Drone  
  13  0:49  Drone  
  15  0:56  Drone  
  16  1:00  Drone  
  17  1:11  Overlord  
  17  1:23  Zergling x2  
  17  1:24  Queen  
  20  1:34  Roach Warren  
  19  1:42  Drone  
  20  1:55  Overlord  
  20  2:14  Roach x2  
  20  2:15  Roach  
  26  2:26  Roach  
  28  2:34  Roach x3  
  34  2:37  Roach  
  34  2:43  Roach  
  38  3:03  Overlord  
  38  3:18  Overlord  
  38  3:21  Hatchery  
  38  3:24  Drone  
  38  3:28  Drone  
  38  3:42  Drone x2  
  38  3:43  Drone  
  41  3:50  Drone  
  41  3:51  Drone x2  
  44  4:01  Drone x2  
  46  4:10  Drone  
  45  4:24  Drone x2  
  45  4:25  Drone x2  
  46  4:38  Drone x2  
  43  4:58  Drone  
  43  4:59  Drone x3  
  47  5:00  Queen  
  41  5:10  Drone x2  
  43  5:20  Spore Crawler, Drone x2  
  44  5:30  Drone x2  
  44  5:34  Queen  
  48  5:38  Spore Crawler  
  45  5:51  Drone x2  
  45  5:57  Spore Crawler  
  45  6:00  Drone x6  
  45  6:01  Drone x2  
  45  6:03  Spore Crawler  
  51  6:07  Overlord  
  51  6:22  Spore Crawler  
  50  6:26  Drone x2  
  52  6:32  Lair  
  52  6:41  Overlord x2  
  50  6:57  Hatchery  
  49  7:06  Drone x4  
  53  7:08  Hatchery  
  53  7:11  Spore Crawler  
  53  7:12  Spore Crawler  
  53  7:13  Drone  
  51  7:20  Drone x3  
  54  7:36  Hydralisk Den  
Show
View Real Time Build Order
Export as new Build Order

AgCl Protoss - Winner!

Build Orders:  

Get SALT Encoding   

  12  0:01  Probe  
  13  0:18  Probe  
  14  0:22  Pylon  
  14  0:40  Probe (Chrono Boost)  
  15  0:49  Gateway  
  15  0:50  Assimilator  
  15  0:52  Probe (Chrono Boost)  
  16  1:00  Probe (Chrono Boost)  
  17  1:10  Probe (Chrono Boost)  
  18  1:22  Probe (Chrono Boost)  
  19  1:29  Probe (Chrono Boost)  
  20  1:37  Cybernetics Core  
  20  1:39  Probe  
  21  2:01  Nexus  
  21  2:06  Gateway  
  21  2:10  Pylon  
  21  2:12  Assimilator  
  21  2:14  Probe  
  22  2:34  Adept (Chrono Boost)  
  24  2:42  Probe  
  25  2:55  Probe (Chrono Boost)  
  25  3:00  Stargate  
  25  3:07  Probe (Chrono Boost)  
  26  3:17  Mothership Core (Chrono Boost)  
  26  3:18  Probe (Chrono Boost)  
  29  3:26  Probe (Chrono Boost)  
  30  3:28  Pylon  
  30  3:33  Probe (Chrono Boost)  
  32  3:34  Probe (Chrono Boost)  
  32  3:39  Assimilator  
  32  3:40  Probe  
  32  3:41  Probe  
  32  3:47  Pylon, Void Ray (Chrono Boost)  
  36  3:54  Probe x2  
  37  4:06  Probe  
  37  4:07  Probe  
  31  4:23  Void Ray (Chrono Boost)  
  21  5:05  Probe (Chrono Boost)  
  22  5:11  Probe (Chrono Boost)  
  24  5:23  Probe (Chrono Boost)  
  24  5:25  Probe (Chrono Boost)  
  25  5:32  Probe (Chrono Boost)  
  26  5:40  Probe (Chrono Boost)  
  27  5:52  Probe  
  28  6:03  Probe  
  29  6:05  Probe  
  30  6:15  Probe  
  30  6:17  Probe  
  32  6:23  Void Ray (Chrono Boost)  
  36  6:29  Probe (Chrono Boost)  
  36  6:30  Probe (Chrono Boost)  
  40  6:41  Probe (Chrono Boost)  
  40  6:44  Probe (Chrono Boost)  
  40  6:47  Probe (Chrono Boost)  
  41  7:08  Probe (Chrono Boost)  
  43  7:09  Void Ray (Chrono Boost)  
  43  7:12  Probe (Chrono Boost)  
  47  7:17  Probe (Chrono Boost)  
  47  7:20  Probe (Chrono Boost)  
  49  7:25  Probe  
  50  7:30  Probe  
  51  7:37  Probe (Chrono Boost)  
Tags
 
Add a new tag
Caveats
  • Supply blocks, unpowered buildings, or Contaminate may cause inaccurate times.
  • Supply counts are checked every 10 seconds.